 Dungeon Crawl Stone Soup version 0.26.1-11-gd32895ea62 (webtiles) character file.

Game seed: 18232648281067697395

1932 vvl the Ruffian (level 8, -1/67 HPs)
             Began as a Pale Draconian Transmuter on June 3, 2021.
             Was an Initiate of Makhleb.
             Slain by a salamander (shapeshifter) (9 damage)
             ... on level 7 of the Dungeon.
             The game lasted 00:21:57 (9851 turns).

vvl the Ruffian (Pale Draconian Transmuter)         Turns: 9851, Time: 00:21:58

Health: -1/67      AC:  7    Str: 14    XL:     8   Next: 97%
Magic:  13/13      EV: 13    Int: 14    God:    Makhleb [......]
Gold:   362        SH:  4    Dex: 12    Spells: 13/14 levels left

rFire    . . .     SeeInvis .   v - +1 dagger (venom)
rCold    . . .     Faith    .   w - +0 buckler
rNeg     . . .     Spirit   .   (armour unavailable)
rPois    +         Reflect  .   (helmet restricted)
rElec    .         Harm     .   m - +0 cloak
rCorr    .         Rampage  .   (no gloves)
Will     .....                  (no boots)
Stlth    +.........             (no amulet)
HPRegen  0.21/turn              r - ring of wizardry
MPRegen  0.13/turn              q - ring of poison resistance

@: short of breath
A: breathe steam, unfitting armour, cold-blooded, AC +6
a: Breathe Steam, Renounce Religion


You were on level 7 of the Dungeon.
You worshipped Makhleb.
Makhleb was noncommittal.
You visited 2 branches of the dungeon, and saw 8 of its levels.

You collected 362 gold pieces.

Inventory:

Hand Weapons
 d - a +0 short sword of electrocution
 l - a +2 quarterstaff of chaos
 v - a +1 dagger of venom (weapon)
 x - a +1 flail of holy wrath
 y - a +1 dagger of pain
Armour
 m - a +0 cloak (worn)
 w - a +0 buckler (worn)
 G - a +0 tower shield
Magical Staves
 C - an uncursed staff of death
Jewellery
 o - an uncursed ring of positive energy
 q - a ring of poison resistance (right hand)
 r - a ring of wizardry (left hand)
 A - an uncursed ring of resist corrosion {unknown}
 D - an uncursed ring of positive energy
Wands
 h - a wand of polymorph (12)
 u - a wand of iceblast (6)
Scrolls
 a - a scroll of enchant armour {unknown}
 b - 7 scrolls of identify {unknown}
 c - 2 scrolls of amnesia {unknown}
 e - 2 scrolls of fog {unknown}
 g - 3 scrolls of noise {unknown}
 j - 2 scrolls of blinking {unknown}
 n - 3 scrolls of teleportation {unknown}
 p - 2 scrolls of magic mapping {unknown}
 t - 2 scrolls of random uselessness {unknown}
 F - a scroll of fear {unknown}
 H - 3 scrolls of remove curse {unknown}
Potions
 f - 2 potions of might {unknown}
 i - 4 potions of curing
 k - 2 potions of haste {unknown}
 s - a potion of invisibility {unknown}
 z - 2 potions of heal wounds {unknown}
 B - a potion of lignification {unknown}
 E - a potion of flight {unknown}
 I - a potion of degeneration {unknown}


   Skills:
 + Level 4.6 Fighting
 + Level 4.1 Dodging
 + Level 2.6 Shields
 * Level 6.8 Unarmed Combat
 + Level 3.5 Spellcasting
 * Level 6.3 Transmutations
 + Level 1.7 Invocations
 + Level 1.5 Evocations


You had 13 spell levels left.
You knew the following spells:

 Your Spells              Type           Power        Failure   Level
a - Beastly Appendage     Tmut           40%          1%          1

Your spell library contained the following spells:

 Spells                   Type           Power        Failure   Level
 Wereblood                Tmut           20%          1%          2
 Spider Form              Tmut/Pois      5%           9%          3
 Blade Hands              Tmut           10%          21%         5
 Ice Form                 Ice/Tmut       11%          26%         4
 Petrify                  Tmut/Erth      11%          26%         4
 Confusing Touch          Hex            2%           28%         3
 Gell's Gravitas          Tloc           1%           28%         3
 Yara's Violent Unravell  Hex/Tmut       5%           56%         5
 Metabolic Englaciation   Hex/Ice        1%           92%         5


Dungeon Overview and Level Annotations

Branches:
Dungeon (7/15)             Temple (1/1) D:6

Altars:
Ashenzari
Cheibriados
Dithmenos
Elyvilon
Fedhas
Gozag
Hepliaklqana
Kikubaaqudgha
Makhleb
Nemelex Xobeh
Okawaru
Qazlal
Ru
Sif Muna
Trog
Uskayaw
Vehumet
Wu Jian
Xom
Yredelemnul
Zin
The Shining One

Shops:
D:5 (


Innate Abilities, Weirdness & Mutations

You can breathe blasts of scalding, opaque steam.
Your pale cyan-grey scales are hard. (AC +6)
You cannot fit into any form of body armour.
You are cold-blooded and may be slowed by cold attacks.


Message History

You hit the salamander but do no damage.
The salamander looks as sick as possible!
The salamander is lightly wounded.
The salamander hits you.
You are engulfed in flames!
You hit the salamander.
The salamander looks as sick as possible!
You tail-slap the salamander.
The salamander is moderately wounded.
The salamander hits you.
You are engulfed in flames!
* * * LOW HITPOINT WARNING * * *
You are too injured to fight recklessly!
Press: ? - help, Shift-Dir - straight line, f - salamander
Aim: a salamander (moderately wounded, extremely poisoned)
You exhale a blast of scalding steam.
The ball of steam hits the salamander.
The salamander completely resists.
The salamander is moderately wounded.
The salamander hits you!
* * * LOW HITPOINT WARNING * * *
You are engulfed in flames!
You die...

.....# ..# #...###+###
...... ##........# .....
#.........# . ...##
##......8..+ ...#...
##..........# ...#...
#....(......# .#....#
....##...###'### ....... #..
##.###.@.# .......
#..###..##..N..# .......
...#...##..ยง..# #...... #
#...#..#.....#...#.#.......
..
##..#..##...##....#........
#.
##....#######.............
#.. #....# #................
#..###....#
##............(.).
#.......###...##....#.......


You could see a salamander (extremely poisoned).

Vanquished Creatures
  Edmund (D:4)
  A sky beast (D:7)
  A black bear (D:6)
  2 ogres
  4 bullfrogs
  A wyvern skeleton (D:3)
  2 scorpions
  A bullfrog zombie (D:6)
  3 hounds
  A centaur skeleton (D:4)
  4 orc priests
  Crazy Yiuf (D:2)
  Natasha (thrice) (D:2)
  3 iguanas
  4 orc wizards
  5 worker ants
  A hound skeleton (D:4)
  2 worker ant zombies
  Robin (D:2)
  8 adders
  4 shadow imps
  4 white imps
  3 ufetubi
  7 worms
  5 dart slugs
  2 leopard geckos
  17 orcs
  6 giant cockroaches
  11 hobgoblins
  19 jackals
  6 kobolds
  3 quokkas
  2 ball pythons (D:3)
  7 bats
  6 frilled lizards
  16 goblins
  A leopard gecko skeleton (D:4)
  2 quokka zombies
  7 rats
  A rat zombie (D:5)
178 creatures vanquished.

Vanquished Creatures (others)
  An orc wizard (D:4)
1 creature vanquished.

Grand Total: 179 creatures vanquished

Notes
Turn   | Place    | Note
-------+----------+-------------------------------------------
     0 | D:1      | vvl the Draconian Transmuter began the quest for the Orb.
     0 | D:1      | Reached XP level 1. HP: 16/16 MP: 3/3
   242 | D:1      | Reached XP level 2. HP: 7/23 MP: 3/5
  1093 | D:2      | Noticed Robin
  1101 | D:2      | Reached XP level 3. HP: 13/29 MP: 6/6
  1429 | D:2      | Killed Robin
  1673 | D:2      | Reached XP level 4. HP: 35/36 MP: 5/7
  1720 | D:2      | Found a runed translucent door.
  1721 | D:2      | Noticed Crazy Yiuf
  1818 | D:2      | Killed Crazy Yiuf
  1953 | D:2      | Noticed Natasha
  1958 | D:2      | Killed Natasha
  2101 | D:2      | Reached XP level 5. HP: 26/41 MP: 8/8
  2192 | D:2      | Noticed Natasha
  2207 | D:2      | Killed Natasha
  2215 | D:2      | Noticed Natasha
  2222 | D:2      | Killed Natasha
  3132 | D:3      | Reached XP level 6. HP: 42/50 MP: 9/9
  4275 | D:4      | Reached skill level 5 in Unarmed Combat
  5228 | D:4      | Noticed Edmund
  5239 | D:4      | Your scales start taking on a pale cyan-grey colour.
  5239 | D:4      | Reached XP level 7. HP: 50/57 MP: 10/10
  5243 | D:4      | Killed Edmund
  5656 | D:4      | Reached skill level 1 in Shields
  5719 | D:4      | Reached skill level 5 in Transmutations
  5732 | D:4      | Noticed a moth of wrath
  5734 | D:4      | Found a bloodstained altar of Trog.
  5993 | D:4      | Found a faded altar of an unknown god.
  5993 | D:4      | Found a broken altar of Ashenzari.
  6001 | D:4      | Found a faded altar of an unknown god.
  6003 | D:4      | Found an ornate altar of the Wu Jian Council.
  6005 | D:4      | Found an iron altar of Okawaru.
  6429 | D:5      | Entered Level 5 of the Dungeon
  6550 | D:5      | Reached XP level 8. HP: 39/66 MP: 12/12
  7033 | D:5      | Found a bloodstained altar of Trog.
  7336 | D:5      | Found Jueng's Weapon Boutique.
  7637 | D:6      | Found a staircase to the Ecumenical Temple.
  7663 | Temple   | Entered the Ecumenical Temple
  7882 | Temple   | Became a worshipper of Makhleb the Destroyer
  8000 | D:6      | Reached skill level 1 in Invocations
  8000 | D:6      | Reached skill level 1 in Evocations
  8354 | D:6      | Found an ancient bone altar of Kikubaaqudgha.
  8360 | D:6      | Found an opulent altar of Gozag.
  9841 | D:7      | Noticed a salamander
  9851 | D:7      | Slain by a salamander (shapeshifter)

Illustrated notes

Levels and vault maps discovered:
D:1:      mrwooster_arrival_statue, layout_loops_ring
D:2:      layout_basic, uniq_natasha, uniq_crazy_yiuf_cottage, uniq_robin
D:3:      layout_basic, st_stairs_3
D:4:      layout_loops_corners, chequers_temple_overflow_minitemple,
          hangedman_decor_riveting, minivault_27, tgw_trog, uniq_edmund
D:5:      layout_rooms, kennysheep_mini_moat, serial_shops, shop,
          enter_ossuary_4, grunt_decor_junction
D:6:      layout_cave_pods, minitemple, minmay_temple_entry_mini_moons,
          serial_column_ruins, column_ruins_hut, column_ruins_hut_pillars,
          column_ruins_grid_1, column_ruins_open_large, column_ruins_open_small,
          column_ruins_open_tiny, minmay_strange_pillars
D:7:      layout_layer_cave, minmay_three_doors
Temple:   eino_temple_scatter_basement

Skill      XL: |  1  2  3  4  5  6  7  8 |
---------------+-------------------------+-----
Dodging        | 2 3 4 |  4.1
Fighting       | 2 3 4 |  4.6
Transmutations | 3 4 5 6 |  6.3
Unarmed Combat | 4 5 6 |  6.8
Shields        | 1 2 |  2.6
Spellcasting   | 3 |  3.5
Invocations    | 1 |  1.7
Evocations     | 1 |  1.5

Action                   |  1- 3 |  4- 6 |  7- 9 || total
-------------------------+-------+-------+-------++-------
Melee: Unarmed           |    39 |       |       ||    39
       Tailslap          |    13 |    14 |    52 ||    79
       Punch             |     1 |     1 |       ||     2
       Short sword       |    84 |    11 |       ||    95
       Kick              |    10 |    12 |       ||    22
       Headbutt          |     3 |     7 |       ||    10
       Quarterstaff      |       |   167 |       ||   167
       Dagger            |       |    36 |   333 ||   369
 Cast: Beastly Appendage |     8 |     8 |       ||    16
 Abil: Breathe Steam     |       |       |    12 ||    12
 Stab: Sleeping          |     1 |       |     1 ||     2
Armor: Skin              |    47 |    93 |   115 ||   255
Dodge: Dodged            |    96 |   178 |   208 ||   482
Block: Buckler           |       |     7 |    65 ||    72
